Cogmind - Beta 13 @@@ ROGUE MODE // 2024.03.27 @ 05:06:34 Player: H3-RMN Result: Destroyed by 99-TNT with 99-TNT's Nukerbomber Performance ------------- Evolutions (1) 500 Regions Visited (6) 1200 Robots Destroyed (59) 295 Value Destroyed (1237) 1237 Prototype IDs (43) 860 Alien Tech Used (0) 0 Bonus (423) 423 TOTAL SCORE: 4515 Bonus ------- High Alert Combat Kills 12 Follower Combat Kills 123 Aligned with FarCom 300 Friendly Fire -12 Cogmind --------- Core Integrity 0/400 Matter 242/300 Energy 85/100 System Corruption 0% Temperature Cool (0) Movement Treading (240) Ox1 Location -8/Mines Parts ------- > --- POWER (1) -------- (None) > --- PROPULSION (2) --- Light Treads Light Treads > --- UTILITY (2) ------ Disposable Heat Sink High-capacity Storage Unit > --- WEAPON (4) ------- Particle Cannon Particle Cannon > --- INVENTORY (20) --- Makeshift Power Source Light Treads Improved Heat Sink Medium Storage Unit High-capacity Matter Pod (200) Experimental Sensor Array Transport Network Coupler Core Shielding Hardened Light Armor Plating Shield Generator Hacking Suite Long-range Tractor Beam Particle Cannon Slug Cannon Rocket Launcher Datajack Peak State ------------ > --- POWER ------------ Heavy Ion Engine > --- PROPULSION ------- Improved Treads Wheel > --- UTILITY ---------- Disposable Heat Sink High-capacity Storage Unit > --- WEAPON ----------- Assault Rifle Heavy Assault Rifle Heavy Assault Rifle Heavy Assault Rifle > --- INVENTORY -------- Makeshift Power Source Light Treads Light Treads Light Treads Light Treads Improved Heat Sink Medium Storage Unit High-capacity Matter Pod Experimental Sensor Array Transport Network Coupler Core Shielding Hardened Light Armor Plating Hacking Suite Long-range Tractor Beam Particle Cannon Particle Cannon Particle Cannon Particle Cannon Slug Cannon Datajack [Rating: 20] Favorites ----------- Power Heavy Ion Engine Engine Heavy Ion Engine Propulsion Wheel Treads Light Treads Wheel Wheel Utility High-capacity Storage Unit Device Disposable Heat Sink Storage High-capacity Storage Unit Protection Core Shielding Weapon Heavy Assault Rifle Energy Cannon Particle Cannon Ballistic Gun Heavy Assault Rifle Launcher Rocket Launcher Special Melee Weapon Datajack Build | -11 -10 -10 -9 -9 -9 -8 ------- Run | Yrd Mat Min Mat Min Exi Min Slots Evolved 2 | . . . 2 . . . Power . | . . . . . . . Propulsion . | . . . . . . . Utility . | . . . . . . . Weapon 2 | . . . 2 . . . Parts Attached 53 | 7 10 2 19 7 6 2 Power 6 | 1 2 1 2 . . . Engine 6 | 1 2 1 2 . . . Core . | . . . . . . . Reactor . | . . . . . . . Propulsion 14 | 2 2 1 6 1 2 . Treads 7 | 1 1 1 2 . 2 . Leg . | . . . . . . . Wheel 7 | 1 1 . 4 1 . . Hover . | . . . . . . . Flight . | . . . . . . . Utility 8 | 2 5 . 1 . . . Device 3 | 1 1 . 1 . . . Storage 4 | 1 3 . . . . . Processor . | . . . . . . . Hackware . | . . . . . . . Protection 1 | . 1 . . . . . Artifact . | . . . . . . . Weapon 25 | 2 1 . 10 6 4 2 Energy Gun . | . . . . . . . Energy Cannon 2 | . . . . . . 2 Ballistic Gun 21 | 2 1 . 10 6 2 . Ballistic Cannon . | . . . . . . . Launcher 1 | . . . . . 1 . Special Weapon . | . . . . . . . Impact Weapon . | . . . . . . . Slashing Weapon . | . . . . . . . Piercing Weapon . | . . . . . . . Special Melee Weapon 1 | . . . . . 1 . Unidentified Prototypes . | . . . . . . . Parts Lost 11 | . 2 . 1 1 3 4 Power 1 | . . . . . . 1 Propulsion 4 | . 1 . 1 . 2 . Utility 1 | . 1 . . . . . Weapon 5 | . . . . 1 1 3 Highest Loss Streak 7 | . 1 . 1 1 3 7 To Critical Strikes 1 | . . . . 1 . . Average Slot Usage (%) 99 | . 98 100 99 99 100 94 Engine 12 | . 14 14 11 11 11 5 Treads 12 | . 14 14 11 11 11 22 Wheel 11 | . 14 14 10 11 10 . Device 9 | . 10 . 9 11 11 11 Storage 12 | . 14 14 11 11 11 11 Protection 2 | . 2 14 1 . . . Ballistic Gun 36 | . 28 28 44 43 36 27 Special Melee Weapon 1 | . . . . . 7 . Naked Turns . | . . . . . . . Heaviest Build 60 | 11 48 48 60 60 59 60 Greatest Support 40 | 20 10 10 23 16 40 40 Greatest Overweight (x) 5 | 1 4 4 5 5 5 1 Average Overweight (x) 3 | . 2 4 4 4 4 1 Largest Inventory Capacity 20 | 8 20 20 20 20 20 20 Average Capacity 18 | 7 16 20 20 20 20 20 Most Carried 20 | 7 20 20 20 20 20 17 Average Carried 18 | 3 15 19 19 20 19 16 Final Capacity 20 | 8 20 20 20 20 20 20 Final Carried 20 | 7 20 20 20 20 18 16 Class Distribution -------------------- 41% | Mutant 33% | Scavenger-Gunner 22% | Gunner Dominant Class ---------------- Mutant | -10/Materials Mutant | -10/Mines Gunner | -9/Materials Scavenger-Gunner | -9/Mines Gunner | -9/Exiles Gunner | -8/Mines Resources | -11 -10 -10 -9 -9 -9 -8 ----------- Run | Yrd Mat Min Mat Min Exi Min Matter Collected 1698 | 294 360 52 569 332 91 . Remotely 399 | 143 256 . . . . . Salvage Created 1807 | 89 474 32 774 438 . . Parts 130 | 5 32 9 58 26 . . Haulers Intercepted 2 | . 2 . . . . . Recyclers Shooed 2 | . 2 . . . . . Parts Field Recycled . | . . . . . . . Retrieved Matter . | . . . . . . . Parts Self-Destructed . | . . . . . . . Prevented . | . . . . . . . Kills | -11 -10 -10 -9 -9 -9 -8 ------- Run | Yrd Mat Min Mat Min Exi Min Combat Hostiles Destroyed 47 | . 12 3 17 15 . . Guns 47 | . 12 3 17 15 . . Classes Destroyed 11 | 2 4 . 4 1 . . Worker 1 | . . . 1 . . . Tunneler 4 | 1 . . 1 2 . . Hauler 2 | . 2 . . . . . Recycler 3 | 1 . . 2 . . . Operator 1 | . 1 . . . . . Watcher 1 | . . . 1 . . . Swarmer 23 | . 6 3 6 8 . . Grunt 18 | . 6 . 6 6 . . Brawler 1 | . . . 1 . . . Duelist 1 | . . . . 1 . . Sentry 4 | . . . 4 . . . Best Kill Streak 8 | 1 3 3 7 8 . . Combat Bots Only 7 | . 3 3 7 7 . . Max Kills in Single Turn 2 | 1 1 1 2 2 . . Gunslinging 1 | . . . 1 1 . . Exploded . | . . . . . . . Melee . | . . . . . . . Uniques/NPCs Destroyed . | . . . . . . . Combat | -11 -10 -10 -9 -9 -9 -8 -------- Run | Yrd Mat Min Mat Min Exi Min Hostile Shots Fired 232 | . 61 11 60 59 37 4 Missed 67 | . 16 3 20 16 11 1 Damage Taken 2235 | . 483 62 433 379 500 378 Core 558 | . 135 5 55 23 118 222 Absorbed by Shields . | . . . . . . . Redirected to Shielding 1 | . . 1 . . . . Core Remaining (%) 72 | 100 . 44 . . . . Volleys Fired 148 | 12 65 6 32 29 4 . Largest 4 | 2 2 2 4 4 4 . Hottest 89 | 40 40 40 89 89 89 . Shots Fired 416 | 24 130 12 128 109 13 . Gun 415 | 24 130 12 128 109 12 . Cannon . | . . . . . . . Launcher 1 | . . . . . 1 . Special . | . . . . . . . Kinetic 415 | 24 130 12 128 109 12 . Thermal . | . . . . . . . Explosive 1 | . . . . . 1 . Electromagnetic . | . . . . . . . Robot Hit Streak 14 | 5 14 3 14 7 . . Robot Miss Streak 5 | 1 4 4 5 4 . . Penetration Max . | . . . . . . . Secondary Targets 14 | . 2 . 7 5 . . Max Gunslinging Chain 2 | . 1 . 2 1 . . Shots Hit Robots 236 | 18 86 4 69 55 4 . Core Hits 100 | 5 35 4 33 23 . . Critical Kills 3 | . 1 . 1 1 . . Critical Parts Destroyed . | . . . . . . . Critical Strikes 3 | . 1 . 1 1 . . Destroy 3 | . 1 . 1 1 . . Melee Attacks 4 | . . . . . 4 . Impact . | . . . . . . . Slashing . | . . . . . . . Piercing . | . . . . . . . Sneak Attacks 4 | . . . . . 4 . Combat Hostiles . | . . . . . . . Follow-up Attacks . | . . . . . . . Damage Inflicted 2639 | 137 690 31 1003 778 . . Guns 2639 | 137 690 31 1003 778 . . Cannons . | . . . . . . . Explosions . | . . . . . . . Melee . | . . . . . . . Ramming . | . . . . . . . Kinetic 2639 | 137 690 31 1003 778 . . Thermal . | . . . . . . . Explosive . | . . . . . . . Electromagnetic . | . . . . . . . Impact . | . . . . . . . Slashing . | . . . . . . . Piercing . | . . . . . . . Highest Corruption . | . . . . . . . Average Corruption . | . . . . . . . Corruption Purged . | . . . . . . . Corruption Blocked . | . . . . . . . Overload Shots . | . . . . . . . Overflow Damage . | . . . . . . . Projectiles . | . . . . . . . Explosions . | . . . . . . . Melee . | . . . . . . . Knockbacks . | . . . . . . . Impact . | . . . . . . . Kinetic . | . . . . . . . Secondary . | . . . . . . . Self-Inflicted Damage . | . . . . . . . Shots . | . . . . . . . Rammed . | . . . . . . . Targets Rammed . | . . . . . . . Kicked . | . . . . . . . Crushed . | . . . . . . . Highest Temperature 118 | . 18 . 118 82 42 . Average Temperature 30 | . 8 . 33 36 22 . Received Heat Transfer 568 | . 180 . 162 66 160 . Siege Activations . | . . . . . . . Robots Corrupted . | . . . . . . . Combat Hostiles . | . . . . . . . Parts Fried . | . . . . . . . Impact Corruptions . | . . . . . . . Robots Melted . | . . . . . . . Combat Hostiles . | . . . . . . . Parts Melted . | . . . . . . . Heat Transferred . | . . . . . . . Parts Sabotaged . | . . . . . . . Parts Stolen . | . . . . . . . Parts Stripped . | . . . . . . . Power Chain Reactions . | . . . . . . . Alert | -11 -10 -10 -9 -9 -9 -8 ------- Run | Yrd Mat Min Mat Min Exi Min Peak Influence 446 | 10 280 120 446 343 . . Initial 173 | . 6 50 . 173 . . Average 168 | 4 126 93 250 218 . . Maximum Alert Level 2 | . 1 . 2 1 . . Low Security (%) 64 | 100 73 100 32 51 . 100 Level 1 31 | . 26 . 47 48 . . Level 2 4 | . . . 20 . . . Level 3 . | . . . . . . . Level 4 . | . . . . . . . Level 5 . | . . . . . . . High Security . | . . . . . . . Max Security . | . . . . . . . Squads Dispatched 5 | . 3 . 2 . . . Investigation 3 | . 1 . 2 . . . Extermination . | . . . . . . . Reinforcement 2 | . 2 . . . . . Assault . | . . . . . . . Garrison . | . . . . . . . Intercept . | . . . . . . . Searches Triggered . | . . . . . . . Construction Impeded . | . . . . . . . Haulers Reinforced . | . . . . . . . Active Scanning Responses . | . . . . . . . Cargo Convoy Interrupts . | . . . . . . . Stealth | -11 -10 -10 -9 -9 -9 -8 --------- Run | Yrd Mat Min Mat Min Exi Min Distress Signals 5 | . 2 . 3 . . . Communications Jammed . | . . . . . . . Distress Signals . | . . . . . . . Times Spotted 70 | . 20 3 23 16 7 1 Peak Tracking Total 11 | . 5 3 4 4 11 1 Tactical Retreats 3 | . 1 . . 1 1 . Traps | -11 -10 -10 -9 -9 -9 -8 ------- Run | Yrd Mat Min Mat Min Exi Min Traps Triggered . | . . . . . . . Indirectly . | . . . . . . . Trap Hack Attempts . | . . . . . . . Triggered . | . . . . . . . Disarmed . | . . . . . . . Reprogrammed . | . . . . . . . Reused . | . . . . . . . Traps Extracted . | . . . . . . . Installed . | . . . . . . . Triggered . | . . . . . . . Machines | -11 -10 -10 -9 -9 -9 -8 ---------- Run | Yrd Mat Min Mat Min Exi Min Machines Disabled 3 | . . . 1 1 1 . Max in Single Turn 1 | . . . 1 1 1 . Machines Repaired . | . . . . . . . Machines Dismantled . | . . . . . . . Machines Sabotaged . | . . . . . . . Overloaded Fab Kills . | . . . . . . . Hacking | -11 -10 -10 -9 -9 -9 -8 --------- Run | Yrd Mat Min Mat Min Exi Min Machines Accessed 11 | . 7 . 2 . 2 . Terminals 6 | . 6 . . . . . Fabricators . | . . . . . . . Repair Stations . | . . . . . . . Recycling Units 2 | . 1 . 1 . . . Scanalyzers 1 | . . . 1 . . . Garrison Access . | . . . . . . . Total Hacks 36 | . 24 . 7 . 5 . Successful 24 | . 14 . 5 . 5 . Failed 11 | . 9 . 2 . . . Catastrophic 1 | . 1 . . . . . Database Lockouts 1 | . 1 . . . . . Manual 12 | . 10 . 1 . 1 . Terminals 20 | . 20 . . . . . Fabricators . | . . . . . . . Repair Stations . | . . . . . . . Recycling Units 6 | . 4 . 2 . . . Scanalyzers 5 | . . . 5 . . . Garrison Access . | . . . . . . . Terminal Hacks 12 | . 7 . . . 5 . Record 4 | . . . . . 4 . Robot Analysis 1 | . 1 . . . . . Prototype ID Bank 3 | . 3 . . . . . Terminal Index 1 | . 1 . . . . . Locate Traps 1 | . 1 . . . . . Hauler Manifests 1 | . 1 . . . . . Derelict Proto ID Bank 1 | . . . . . 1 . Fabricator Hacks . | . . . . . . . Repair Station Hacks . | . . . . . . . Recycling Unit Hacks 3 | . 2 . 1 . . . Report Inventory 2 | . 1 . 1 . . . Retrieve Components 1 | . 1 . . . . . Scanalyzer 3 | . . . 3 . . . Insert Component 1 | . . . 1 . . . Analyze 2 | . . . 2 . . . Garrison Access Hacks . | . . . . . . . Unauthorized Hacks 6 | . 5 . 1 . . . Terminals 3 | . 3 . . . . . Botnet 3 | . 3 . . . . . Fabricators . | . . . . . . . Repair Stations . | . . . . . . . Recycling Units 3 | . 2 . 1 . . . Mask 1 | . 1 . . . . . Tunnel 2 | . 1 . 1 . . . Scanalyzers . | . . . . . . . Garrison Access . | . . . . . . . Data Cores Recovered . | . . . . . . . Used . | . . . . . . . Hacking Detections 7 | . 5 . 2 . . . Full Trace Events 1 | . . . 1 . . . Feedback Events . | . . . . . . . Feedback Blocked . | . . . . . . . Robot Schematics Acquired . | . . . . . . . Robots Built . | . . . . . . . Authchips . | . . . . . . . Time . | . . . . . . . Total Robot Build Rating . | . . . . . . . Part Schematics Acquired 1 | . . . 1 . . . Parts Built . | . . . . . . . Authchips . | . . . . . . . Time . | . . . . . . . Total Part Build Rating . | . . . . . . . Parts Repaired . | . . . . . . . Time . | . . . . . . . Parts Recycled . | . . . . . . . Recycled Matter . | . . . . . . . Retrieved Matter . | . . . . . . . Retrieved Components 9 | . 9 . . . . . Parts Scanalyzed 1 | . . . 1 . . . Part Schematics Acquired 1 | . . . 1 . . . Parts Damaged . | . . . . . . . Bothacking | -11 -10 -10 -9 -9 -9 -8 ------------ Run | Yrd Mat Min Mat Min Exi Min Used RIF Installer . | . . . . . . . Robots Hacked 4 | . . . . . 4 . Non-combat 3 | . . . . . 3 . Combat 1 | . . . . . 1 . Robot Hacks Applied 4 | . . . . . 4 . parse_system 4 | . . . . . 4 . Relay Couplers Released . | . . . . . . . Fabnet Peak Effective % . | . . . . . . . Robots Rewired . | . . . . . . . Allies Hacked . | . . . . . . . Hacks Repelled . | . . . . . . . Allies | -11 -10 -10 -9 -9 -9 -8 -------- Run | Yrd Mat Min Mat Min Exi Min Total Allies 2 | . . 2 . . . . Largest Group 2 | . . 2 2 . . . Highest-Rated Group 45 | . . 45 45 . . . Highest-Rated Ally 31 | . . 31 31 . . . Total Orders . | . . . . . . . Ally Attacks 12 | . . . 12 . . . Total Damage 168 | . . . 168 . . . Kills 5 | . . . 5 . . . Allies Corrupted . | . . . . . . . Allies Melted . | . . . . . . . Intel | -11 -10 -10 -9 -9 -9 -8 ------- Run | Yrd Mat Min Mat Min Exi Min Robot Analysis Total 1 | . 1 . . . . . Derelict Logs Recovered 3 | . . 2 . 1 . . Drone Launches . | . . . . . . . Drone Recoveries . | . . . . . . . Exploration | -11 -10 -10 -9 -9 -9 -8 ------------- Run | Yrd Mat Min Mat Min Exi Min Turns Passed 3669 | 114 923 488 634 908 583 19 Spaces Moved 1974 | 64 556 326 309 352 360 7 Core 3 | 3 . . . . . . Treads 15 | 4 . . 2 . 2 7 Legs . | . . . . . . . Wheels 1956 | 57 556 326 307 352 358 . Hover . | . . . . . . . Flight . | . . . . . . . Fastest Speed 50 | 50 95 140 145 145 155 240 Average Speed 140 | 90 120 140 153 154 155 240 Slowest Speed 320 | 160 140 140 320 155 240 240 Overloaded Moves . | . . . . . . . Propulsion Burnouts . | . . . . . . . Robots Hopped . | . . . . . . . Cave-ins Triggered . | . . . . . . . Exploration Rate (%) 51 | 6 96 77 33 75 70 6 Regions Visited 6 Branch Regions 4 Pre-discovered Areas 3 | . 1 . 1 . 1 . Known Exits Taken 1 | . . . 1 . . . Unknown Exits Taken 5 | 1 1 1 . 1 1 . Scrap Searched 2 | . . 1 . 1 . . Spaces Dug . | . . . . . . . Terrain Destroyed 7 | . . . . . 7 . Melee . | . . . . . . . Projectile . | . . . . . . . AOE 7 | . . . . . 7 . Terrain Rammed . | . . . . . . . Walls Destroyed . | . . . . . . . Machines Disabled . | . . . . . . . Actions | -11 -10 -10 -9 -9 -9 -8 --------- Run | Yrd Mat Min Mat Min Exi Min Total 2588 | 97 708 351 400 650 373 9 Wait 334 | 8 53 10 8 255 . . Move 1968 | 63 555 325 308 351 359 7 Hop . | . . . . . . . Pick Up 38 | 7 16 3 11 1 . . Fast Attach 11 | 7 1 . 2 1 . . Attach 7 | . 1 . 2 . 2 2 Detach . | . . . . . . . Swap 35 | . 8 2 15 6 4 . Drop 43 | . 9 5 22 7 . . Fire 148 | 12 65 6 32 29 4 . Melee 4 | . . . . . 4 . Ram . | . . . . . . . Kick . | . . . . . . . Crush . | . . . . . . . Escape Stasis . | . . . . . . . Rewire . | . . . . . . . Trap . | . . . . . . . Miscellaneous . | . . . . . . . Route ------- -11/Scrapyard -10/Materials (discovered 5 exits: *Mat x3 / [*Min x2]) -10/Mines -9/Materials (discovered 3 exits: Mat / *Min x2) -9/Mines (discovered 3 exits: *Mat / *Exi / [*Zio]) -9/Exiles (discovered 2 exits: [*Min x2]) -8/Mines History --------- Turn | Location | Event 11 | -11/Scrapyard | Discovered new exit (range 16) 115 | -11/Scrapyard | Entered Materials 240 | -10/Materials | Discovered new exit (range 14) 318 | -10/Materials | Build established: Mutant 427 | -10/Materials | Discovered new exit (range 7) 438 | -10/Materials | Discovered new exit (range 14) 488 | -10/Materials | Central database locked down 551 | -10/Materials | Discovered new exit (range 13) 607 | -10/Materials | Discovered new exit (range 7) 750 | -10/Materials | Core integrity fell below 50% 1038 | -10/Materials | Entered Mines 1053 | -10/Mines | Learned location of 1 exit from Materials 1106 | -10/Mines | Learned 8 Materials zone layouts 1226 | -10/Mines | Found a damaged Exp. Sensor Array with a note attached 1229 | -10/Mines | Found Prototype Device 1447 | -10/Mines | A weapon hastily lodged in a ceiling crevice suddenly fell to the ground 1505 | -10/Mines | Discovered new exit (range 5) 1526 | -10/Mines | Entered Materials 1526 | -9/Materials | Accompanied by 2 allies 1526 | -9/Materials | Evolved 2 slots: Weapon x2 1527 | -9/Materials | Identified exit to Mines 1528 | -9/Materials | Identified exit to Materials 1531 | -9/Materials | Led the pair of lost Derelicts to an unsafe place 1917 | -9/Materials | Build established: Gunner 1965 | -9/Materials | Destroyed 7 combat bots 2118 | -9/Materials | Identified Exp. Sensor Array 2160 | -9/Materials | Entered Mines 2186 | -9/Mines | Received a Rocket Launcher from a helpful Derelict 2338 | -9/Mines | Build established: Scavenger-Gunner 2376 | -9/Mines | Destroyed 7 combat bots 2497 | -9/Mines | Excavation squad dispatched 2497 | -9/Mines | A large section of the Mines collapsed 2747 | -9/Mines | Excavation squad dispatched 2778 | -9/Mines | Discovered exit to Materials (range 3) 2780 | -9/Mines | A Derelict revealed a hidden shortcut to a safe place 3062 | -9/Mines | Deemed a non-threat by the Exiles lab entrance 3062 | -9/Mines | Discovered new exit (range 5) 3068 | -9/Mines | Entered Exiles 3092 | -9/Exiles | Discovered new exit (range 15) 3110 | -9/Exiles | Met 8R-AWN 3135 | -9/Exiles | Met EX-HEX 3194 | -9/Exiles | Met EX-DEC 3239 | -9/Exiles | Learned location of Zion (-7) 3271 | -9/Exiles | Met EX-BIN 3293 | -9/Exiles | Aligned with FarCom system 3295 | -9/Exiles | Given EX-Vault access code 3332 | -9/Exiles | Opened EX-Vault 3370 | -9/Exiles | Warned to stay clear of 0b10 Research branches 3400 | -9/Exiles | Build established: Gunner 3470 | -9/Exiles | Discovered new exit (range 14) 3595 | -9/Exiles | Attacked by the Exiles 3651 | -9/Exiles | Entered Mines 3669 | -8/Mines | 99-TNT came to Exiles' defense 3669 | -8/Mines | Core integrity fell below 50% 3670 | -8/Mines | Destroyed by 99-TNT with 99-TNT's Nukerbomber Last Messages --------------- 03595_ EXILES: Hostile robot within lab perimeter. Defensive protocols time, folks! 03597_ EX-DEC: "Let's see what this bad boy can do..." 03626_ Imp. Treads destroyed. 03648_ Wheel destroyed. 03650_ Critical hit (Burn: +80). 03651_ Hvy. Assault Rifle destroyed. A strange signal echoes through the mines. LOCATION=UNKNOWN GOAL=ESCAPE 03655_ K-01 Serf collects debris. 03659_ K-01 Serf cleans the Laser Drill. 03668_ Hvy. Ion Engine destroyed. 03668_ Hvy. Assault Rifle destroyed. 03669_ 99-TNT: "I came as fast as I could... Wait, it was you!" 03670_ Laser Drill disabled. 03670_ Autogun destroyed. 03670_ Lgt. Assault Rifle destroyed. Map ----- +----------------------------------------------------+ | ?????????????????????????????????????????? | | ?????????????????????????????????????????? | | ?????????????????????????????????????????? | | ?????????????????????????????????????????? | | ?????????????????????????????????????????? | | ?????????????????????????????????????????? | | ?????????????????????????????????????????? | | ?????????????????????????????????????????? | | ?????????????????????????????????????????? | | ?????????????????????????????????????????? | | ?????????????????????????????????????????? | | ?????????????????????????????????????????? | | ?????????????????????????????????????????? | | ?????????????????????????????????????????? | | ?????????????????????????????????????????? | | ??????????????##########?????????????????? | | ??????????????# #?????????????????? | | ??????????????# #?????????????????? | | ??????????????# #?????????????????? | | ??????????????# #?????????????????? | | ??????????????# """#?????????????????? | | ?????????????## """#?????????????????? | | ?????????????# "#?????????????????? | | ?????????????# #?????????????????? | | ????????????## ##?????????????????? | | ????????????# @ #??????????????????? | | ????????????# #?????????????????? | | ???????????# #?????????????????? | | ???????????# # #?????????????????? | | ???????????#?# d ????????????????? | | ?????????????# ###???????????????? | | ?????????????# #?????????????????? | | ?????????????## ###?????????????????? | | ??????????????### ##???????????????????? | | ?????????????????# ##????????????????????? | | ?????????????????? #?????????????????????? | | ?????????????????? ?????????????????????? | | ??????????????????##?????????????????????? | | ?????????????????????????????????????????? | | ?????????????????????????????????????????? | | ?????????????????????????????????????????? | | ?????????????????????????????????????????? | | ?????????????????????????????????????????? | | ?????????????????????????????????????????? | | ?????????????????????????????????????????? | | ?????????????????????????????????????????? | | ?????????????????????????????????????????? | | ?????????????????????????????????????????? | | | | | +----------------------------------------------------+ Best States ------------- Heat Dissipation 28 Coolant Potential 50 Energy Generation 14 Energy Capacity 280 Matter Stores 300 Matter Capacity 300 Sight Range 16 Terrain Scan Density 10 Core Shielding 20 Evasion (%) 44 Recoil Reduction 2 Item Schematics ----------------- Exp. Sensor Array | -9/Materials | Scanalyzed Robot Schematics ------------------ None Fabricated ------------ Nothing Alien Tech Used ----------------- None Achievements -------------- None Challenges ------------ None Game ------ Seed StasisRemoteRay Manual? 0 Play Time 00:23:31 Cumulative 666.6 hours Start 2024.03.27 @ 04:42:10 End 2024.03.27 @ 05:06:34 Sessions 1 Manual Loads 0 Difficulty Rogue Special Mode None Game No. 264 Rogue 236 Adventurer 3 Explorer 25 Win Type - Total 15 Types 10/2/1/1/0/1/0/0/0 Lore% 90 Gallery% 96 Achievement% 85 Wizard Run 0 Options --------- Layout 2 ASCII 0 Keyboard 0 Movement Numpad Keybinds 0 Fullscreen 2 Font 24/Smallcaps Map View 50x44 Zoom Use 0% Tactical HUD 1 Map Filters NONE Filters NONE Steam 1 RUN: df5868c1-a274-4040-a5b2-457c0160e165